 Dungeon Crawl Stone Soup version 0.31.0-11-ge490571c62 (webtiles) character file.

Game seed: 18249090141679235408

25 SnakkuSnakku7 the Caller (level 3, 0/29 HPs)
             Began as a Ghoul Summoner on Jan 26, 2024.
             Slain by a ribbon worm (5 damage)
             ... on level 2 of the Dungeon.
             The game lasted 00:01:25 (780 turns).

SnakkuSnakku7 the Caller (Ghoul Summoner)            Turns: 780, Time: 00:01:26

Health: 0/29       AC:  8    Str: 13    XL:     3   Next: 4%
Magic:  5/5        EV:  6    Int: 14    God:
Gold:   36         SH:  0    Dex:  9    Spells: 4/5 levels left

rFire   . .          .
                       - Unarmed
rCold   + . .        (no shield)
rNeg    + + +        e - +0 chain mail
rPois   ∞            (no helmet)
rElec   .            (no cloak)
rCorr   .            (no gloves)
SInv    .            (no boots)
Will    .....        (no amulet) Stlth
                     (no ring)
HPRegen 0.00/turn    (no ring)
MPRegen 0.09/turn

%: no passive effects
@: inhibited regen
A: claws 1, cold resistance 1, negative energy resistance 3, inhibited
regeneration, torment resistance 2, devour on kill
a: no special abilities


You were on level 2 of the Dungeon.
You visited 1 branch of the dungeon, and saw 2 of its levels.

You collected 36 gold pieces.

Inventory:

Armour
 a - a +0 robe
 e - a +0 chain mail (worn)
Scrolls
 c - a scroll of poison {unknown}
 f - a scroll of enchant weapon {unknown}
 g - a scroll of immolation {unknown}
 h - 2 scrolls of identify {unknown}
 i - a scroll of teleportation {unknown}
 j - a scroll of revelation {unknown}
Potions
 b - 2 potions of magic
 d - 2 potions of curing {unknown}


   Skills:
 + Level 1.9 Fighting
 - Level 1.7 Dodging
 - Level 2.1 Stealth
 + Level 1.9 Unarmed Combat
 - Level 1.7 Spellcasting
 - Level 3.6 Summonings


You had 4 spell levels left.
You knew the following spells:

 Your Spells              Type           Power      Damage    Failure   Level
a - Summon Small Mammal   Summ           44%        N/A       80%         1

Your spell library contained the following spells:

 Spells                   Type           Power      Damage    Failure   Level
 Call Imp                 Summ           22%        N/A       90%         2
 Call Canine Familiar     Summ           11%        N/A       99%         3
 Summon Blazeheart Golem  Fire/Summ      6%         N/A       100%        4
 Summon Lightning Spire   Summ/Air       6%         N/A       100%        4


Dungeon Overview and Level Annotations

Branches:
Dungeon (2/15)

Altars:


Innate Abilities, Weirdness & Mutations

You are immune to poison.
You have sharp fingernails.
Your flesh is cold resistant. (rC+)
You are immune to negative energy. (rN+++)
You do not regenerate when monsters are visible.
You are immune to unholy pain and torment.
You thrive by killing the living.


Message History

The ribbon worm bites you.
You scratch the ribbon worm but do no damage.
You barely miss the ribbon worm.
The ribbon worm bites you but does no damage.
You scratch the ribbon worm but do no damage.
The ribbon worm expels a string of sticky webbing.
The stream of webbing hits you but does no damage.
You are caught in a web!
You are caught in a web!
The web tears apart.
The ribbon worm bites you but does no damage.
You barely miss the ribbon worm.
You scratch the ribbon worm but do no damage.
The ribbon worm bites you but does no damage.
You scratch the ribbon worm but do no damage.
The ribbon worm bites you.
You scratch the ribbon worm.
The ribbon worm is lightly wounded.
The ribbon worm expels a string of sticky webbing.
The stream of webbing hits you but does no damage.
You are caught in a web!
The web tears apart.
The ribbon worm barely misses you.
You scratch the ribbon worm but do no damage.
The ribbon worm is lightly wounded.
You scratch the ribbon worm.
The ribbon worm is moderately wounded.
The ribbon worm barely misses you.
You scratch the ribbon worm.
The ribbon worm is severely wounded.
The ribbon worm expels a string of sticky webbing.
The stream of webbing hits you but does no damage.
You are caught in a web!
You struggle to detach yourself from the web.
The ribbon worm bites you!
You struggle to detach yourself from the web.
The ribbon worm bites you.
* * * LOW HITPOINT WARNING * * *
You struggle to detach yourself from the web.
The web tears apart.
The ribbon worm bites you.
You die...

### .. ... . ....
.# #..... ..#
#.....#####.#
#...........####
#>.......w......
#.....##@#
#.....##)#
#........#
#......########
###..<.........
####.....########
#....<...##
####..##..#####
###†####.....#


You could see a ribbon worm.

Vanquished Creatures
  A dart slug (D:1)
  2 endoplasms (D:1)
  4 goblins
  3 hobgoblins (D:1)
  A quokka (D:1)
  3 bats (D:1)
  A frilled lizard (D:1)
  2 kobolds (D:1)
  4 rats
21 creatures vanquished.

Notes
Turn   | Place    | Note
-------+----------+-------------------------------------------
     0 | D:1      | SnakkuSnakku7 the Ghoul Summoner began the quest for the
                  | Orb.
     0 | D:1      | Reached XP level 1. HP: 14/14 MP: 3/3
   158 | D:1      | Reached skill level 1 in Fighting
   158 | D:1      | Reached skill level 1 in Unarmed Combat
   178 | D:1      | Found a faded altar of an unknown god.
   218 | D:1      | Reached XP level 2. HP: 23/23 MP: 4/4
   739 | D:2      | Reached XP level 3. HP: 29/29 MP: 5/5
   780 | D:2      | Slain by a ribbon worm

Illustrated notes

Levels and vault maps discovered:
D:1:      dpeg_arrival_shelter, layout_loops_ring,
          ebering_ecumenical_altar_petrified
D:2:      layout_rooms, basic_altar

Skill      XL: |  1 |
---------------+----+-----
Fighting       | 1 |  1.9
Unarmed Combat | 1 |  1.9
Dodging        | |  1.7
Stealth        | |  2.1
Spellcasting   | |  1.7
Summonings     | |  3.6

Action                     || total
---------------------------++-------
  Melee: Unarmed           ||    89
         Punch             ||     2
 Armour: Chain mail        ||    60
         Robe              ||     4
  Dodge: Dodged            ||    24
